 Dungeon Crawl Stone Soup version 0.13-a0-2505-g5f0fbe2 (webtiles) character file.

520 Rycklaryybbe the Sneak (level 6, -6/28 HPs)
             Began as a Spriggan Enchanter on July 23, 2013.
             Mangled by an orc
             ... wielding a +0,+0 halberd
              (10 damage)
             ... on Level 4 of the Dungeon.
             The game lasted 00:15:57 (5201 turns).

Rycklaryybbe the Sneak (Spriggan Enchanter)         Turns: 5201, Time: 00:15:57

HP  -6/28        AC  4     Str  6      XL: 6   Next: 28%
MP   1/16        EV 18     Int 17      God:
Gold 184         SH  0     Dex 14      Spells:  3 memorised,  1 level left

Res.Fire  : . . .   See Invis. : +   w - +0 orc sabre
Res.Cold  : . . .   Warding    : .   j - +2 elf robe
Life Prot.: . . .   Conserve   : .   (shield restricted)
Res.Poison: .       Res.Corr.  : .   (helmet restricted)
Res.Elec. : .       Clarity    : .   (no cloak)
Sust.Abil.: . .     Spirit.Shd : .   (gloves unavailable)
Res.Mut.  : .       Stasis     : .   (boots unavailable)
Res.Rott. : .       Flight     : .   (no amulet)
Saprovore : . . .                    (no ring)
                                     v - cursed -2 ring of dexterity

@: very slightly contaminated, very quick, somewhat resistant to hostile
enchantments, very stealthy
A: unfitting armour, see invisible, herbivore 3, speed 3, slow metabolism 2
a: no special abilities


You were on level 4 of the Dungeon.
You were very hungry.

You visited 1 branch of the dungeon, and saw 4 of its levels.

You collected 164 gold pieces.

Inventory:

Hand weapons
 a - a +1,+1 dagger {=f}
 u - a +0,+0 dagger of returning
 w - a +0,+0 orcish sabre (weapon)
 x - a +0,+0 falchion of holy wrath
Missiles
 d - 10 darts (quivered)
Armour
 j - a +2 elven robe (worn)
Scrolls
 e - a scroll of curse weapon {unknown}
 g - 4 scrolls of identify {unknown}
 h - 2 scrolls of noise {unknown}
 l - 3 scrolls of amnesia {unknown}
 n - a scroll of blinking {unknown}
 o - 2 scrolls of fear {unknown}
 p - a scroll of magic mapping {unknown}
 r - a scroll of recharging {unknown}
 t - a scroll of remove curse {unknown}
Jewellery
 v - a cursed -2 ring of dexterity (left hand)
Potions
 f - a potion of confusion {unknown}
 i - 4 potions of curing
 k - a potion of speed {unknown}
 q - a potion of mutation {unknown}
 s - a potion of beneficial mutation {unknown}
Books
 c - a book of Maledictions

   Spells                             Type                      Level
   *Corona                            Hexes                        1
   Sure Blade                         Hexes/Charms                 2
   *Ensorcelled Hibernation           Hexes/Ice                    2
   *Confuse                           Hexes                        3
   Enslavement                        Hexes                        4
   Invisibility                       Hexes                        6


   Skills:
 - Level 4.1 Short Blades
 - Level 1.1 Throwing
 - Level 3.0 Dodging
 - Level 6.9 Stealth
 + Level 1.4 Spellcasting
 - Level 5.3 Hexes


You had one spell level left.
You knew the following spells:

 Your Spells              Type           Power        Failure   Level  Hunger
a - Corona                Hex            ###....      2%          1    ##.....
b - Ensorcelled Hibernat  Hex/Ice        ##....       12%         2    ###....
c - Confuse               Hex            ###.....     10%         3    ####...


Dungeon Overview and Level Annotations

Branches:
Dungeon (4/27)
 Temple: D:4-7

Altars:
Cheibriados
Nemelex Xobeh
the Shining One

Shops:
D:4: /

Annotations
D:4 Pikel


Innate Abilities, Weirdness & Mutations

You are tiny and cannot use many weapons and most armour.
You have supernaturally acute eyesight.
You are a herbivore.
You cover ground extremely quickly.
You need consume almost no food.


Message History

Casting: Ensorcelled Hibernation
Confirm with . or Enter, or press ? or * to list all spells.
Aiming: Ensorcelled Hibernation
Press: ? - help, Shift-Dir - straight line, f/p - orc
Aim: an orc, wielding a halberd The orc is unaffected.
The orc misses you.
Casting: Ensorcelled Hibernation
Confirm with . or Enter, or press ? or * to list all spells.
Aiming: Ensorcelled Hibernation
Press: ? - help, Shift-Dir - straight line, f/p - orc
Aim: an orc, wielding a halberd You miscast Ensorcelled Hibernation.
You are very lightly contaminated with residual magic.
You hit the orc.
The orc is moderately wounded.
The orc misses you.
You hit the orc.
The orc is severely wounded.
The orc hits you with a halberd!
You die...

#.# #... #.# #..[ #.#
###... #.# #..... #.#
#..... #.# #..... #.#
#.....
#.################.....
#.....@o........∩'.....
##################.....
######


You could see an orc.

Vanquished Creatures
  A slave (D:4)
  Sigmund (D:3)
  An orc priest (D:3)
  A worker ant (D:3)
  An orc wizard (D:3)
  Ijyb (D:3)
  4 adders
  4 gnolls (D:2)
  A worm (D:3)
  An ooze (D:3)
  7 orcs
  7 goblins
  5 hobgoblins
  11 jackals
  5 kobolds
  A ball python (D:3)
  13 bats
  3 giant cockroaches
  A giant gecko (D:2)
  4 giant newts
  7 rats
80 creatures vanquished.

Notes
Turn   | Place    | Note
--------------------------------------------------------------
     0 | D:1      | Rycklaryybbe, the Spriggan Enchanter, began the quest for the Orb.
     0 | D:1      | Reached XP level 1. HP: 9/9 MP: 4/4
   388 | D:1      | Reached skill level 4 in Stealth
   416 | D:1      | Reached XP level 2. HP: 13/13 MP: 4/6
   440 | D:1      | Learned a level 2 spell: Ensorcelled Hibernation
   966 | D:2      | Reached skill level 5 in Stealth
  1184 | D:2      | Found a sparkling altar of Nemelex Xobeh.
  1199 | D:2      | Reached XP level 3. HP: 14/16 MP: 9/9
  1786 | D:2      | Reached XP level 4. HP: 21/21 MP: 4/11
  1829 | D:2      | Found a snail-covered altar of Cheibriados.
  1829 | D:2      | Found a glowing golden altar of the Shining One.
  2202 | D:3      | Noticed Sigmund
  2285 | D:3      | Killed Sigmund
  2285 | D:3      | Reached skill level 5 in Hexes
  2285 | D:3      | Reached XP level 5. HP: 24/24 MP: 5/13
  2713 | D:3      | Noticed Ijyb
  2747 | D:3      | Killed Ijyb
  3000 | D:3      | HP: 1/24 [poisoned by a worker ant]
  3432 | D:3      | Learned a level 3 spell: Confuse
  3911 | D:3      | Reached skill level 6 in Stealth
  3911 | D:3      | Reached XP level 6. HP: 28/28 MP: 16/16
  4524 | D:4      | Found Kaelaeje's Magical Wand Emporium.
  4846 | D:4      | Noticed Pikel
  5201 | D:4      | Mangled by an orc

Action                   |  1- 3 |  4- 6 || total
-------------------------+-------+-------++-------
Melee: Dagger            |   136 |    86 ||   222
       Sabre             |       |   153 ||   153
       Falchion          |       |     3 ||     3
Throw: Dart              |     4 |     4 ||     8
 Cast: Corona            |    10 |     2 ||    12
       Ensorcelled Hiber |     8 |    48 ||    56
       Confuse           |       |    11 ||    11
  Use: Potion            |       |     2 ||     2
       Scroll            |       |     1 ||     1
 Stab: Sleeping          |    11 |    20 ||    31
       Distracted        |       |     1 ||     1
       Confused          |       |     1 ||     1
